 Dungeon Crawl Stone Soup version 0.20-a0-837-g0f21a4d (webtiles) character file.

128 M4edhros the Conjurer (level 5, -1/31 HPs)
             Began as an Octopode Conjurer on Mar 8, 2017.
             Slain by an iguana (11 damage)
             ... on level 4 of the Dungeon.
             The game lasted 00:02:31 (1430 turns).

M4edhros the Conjurer (Octopode Conjurer)           Turns: 1430, Time: 00:02:31

Health: -1/31      AC:  1    Str:  7    XL:     5   Next: 11%
Magic:  8/8        EV: 13    Int: 17    God:
Gold:   43         SH:  0    Dex: 14    Spells: 7/8 levels left

rFire    . . .     SeeInvis .   i - staff of wizardry
rCold    . . .     Gourm    .   (no shield)
rNeg     . . .     Faith    .   (helmet restricted)
rPois    .         Spirit   .   (no amulet)
rElec    .         Reflect  .   (no ring)
rCorr    .         Harm     .   (no ring)
MR       .....                  (no ring)
Stlth    +++.......             (no ring)
Regen    0.1/turn               (no ring)
MPRegen  0.2/turn               (no ring)
                                (no ring)
                                (no ring)

@: no status effects
A: almost no armour, stealthy swim, amphibious, 8 rings, constrict 8, camouflage
1, gelatinous body 1
a: no special abilities


You were on level 4 of the Dungeon.
You were hungry.

You visited 1 branch of the dungeon, and saw 4 of its levels.

You collected 43 gold pieces.

Inventory:

Magical Staves
 i - an uncursed staff of wizardry (weapon)
Scrolls
 c - 5 scrolls of identify {unknown}
 d - a scroll of teleportation {unknown}
 e - a scroll of noise {unknown}
 f - a scroll of recharging
 j - a scroll of remove curse
Books
 a - a book of Conjurations

   Spells                             Type                      Level
   a - Magic Dart                     Conjuration                  1
   b - Searing Ray                    Conjuration                  2
   c - Dazzling Spray                 Conjuration/Hexes            3
   d - Fulminant Prism                Conjuration/Hexes            4
   e - Force Lance                    Conjuration/Translocation    4
   f - Iskenderun's Mystic Blast      Conjuration                  4
Comestibles
 b - a bread ration
 g - 2 royal jellies
 h - a chunk of flesh


   Skills:
 - Level 2.0 Dodging
 - Level 2.6 Stealth
 * Level 2.0 Spellcasting
 + Level 6.2 Conjurations


You had 7 spell levels left.
You knew the following spells:

 Your Spells              Type           Power        Failure   Level  Hunger
a - Magic Dart            Conj           ###.         1%          1    #......


Dungeon Overview and Level Annotations

Branches:
Dungeon (4/15)
 Temple: D:4-7

Altars:
Makhleb

Annotations:
D:4 Toogi's ghost, amateur DEFE


Innate Abilities, Weirdness & Mutations

You cannot wear most types of armour.
You are very stealthy in the water. (Stealth+)
You are amphibious.
You can wear up to eight rings at the same time.
You can use your tentacles to constrict eight enemies at once.
Your skin changes colour to match your surroundings (Stealth+).
Your rubbery body absorbs attacks. (AC +1, EV +1)


Message History

The magic dart hits the howler monkey.
You kill the howler monkey!
Your Conjurations skill increases to level 6!
You have reached level 5!
You feel agile.
You open the door.
There is an open door here.
Your magical contamination has completely faded away.
Okay, then.
Found 10 arrows.
Found an ivory wand.
You are feeling hungry.
Memorise Iskenderun's Mystic Blast, consuming 4 spell levels and leaving 3?
You start memorising the spell.
You continue memorising. x4
The iguana bites you!
Your memorisation is interrupted.
You see here a ring mail.
The iguana bites you!
* * * LOW HITPOINT WARNING * * *
The iguana bites you!
You die...

########'##.........#
#.........#.........#
#.........#...##.[..#
#.........+...##....#
##.......##.........#
##.......##........>#
#...................#
#...........l.......#
#...........@.......#
#...................#
###....####.####....#
###†...####.####....#
.....................#
.....................#
.............(.......#
..########...####....#
... #...# ####+#


You could see an iguana.

Vanquished Creatures
  A howler monkey (D:4)
  A crimson imp (D:3)
  3 adders
  An adder skeleton (D:4)
  A worm (D:3)
  3 leopard geckos
  A giant cockroach (D:3)
  4 goblins
  2 hobgoblins (D:3)
  4 kobolds
  A bat (D:3)
  2 rats (D:1)
24 creatures vanquished.

Notes
Turn   | Place    | Note
-------+----------+-------------------------------------------
     0 | D:1      | M4edhros the Octopode Conjurer began the quest for the Orb.
     0 | D:1      | Reached XP level 1. HP: 11/11 MP: 3/3
   185 | D:1      | Reached XP level 2. HP: 17/17 MP: 1/5
   693 | D:3      | Reached skill level 5 in Conjurations
   693 | D:3      | Reached XP level 3. HP: 21/21 MP: 0/6
   975 | D:3      | Found a burning altar of Makhleb.
  1012 | D:3      | Reached XP level 4. HP: 18/27 MP: 1/7
  1256 | D:4      | Noticed Toogi's ghost (amateur DEFE)
  1362 | D:4      | Reached skill level 6 in Conjurations
  1362 | D:4      | Reached XP level 5. HP: 24/31 MP: 2/8
  1430 | D:4      | Slain by an iguana

Vault maps used:
D:1:      ncdulo_halloftheorcs
D:2:      uniq_sigmund
D:3:      makhleb_grotto_becter, lemuel_doored_altar, first_bread
D:4:      nicolae_gozag_cash_rules_everything_around_me, old_standard_altar,
          minmay_temple_entry_mist, dk_vineyard_2, minivault_4

Skill      XL: |  1  2  3  4 |
---------------+-------------+-----
Conjurations   | 5 6 |  6.2
Dodging        | |  2.0
Stealth        | |  2.6
Spellcasting   | |  2.0

Action                   |  1- 3 |  4- 6 || total
-------------------------+-------+-------++-------
Melee: Unarmed           |    23 |     3 ||    26
       Constrict         |     5 |     1 ||     6
       Tentacles         |     3 |     1 ||     4
 Cast: Magic Dart        |    43 |    23 ||    66
  Use: Potion            |     3 |       ||     3
       Scroll            |     3 |       ||     3
  Eat: Chunk             |       |     2 ||     2
Armor: Skin              |     2 |       ||     2
Dodge: Dodged            |    20 |     1 ||    21
